Map: Jardín de sombras

Players

MrFercho

  • Race: Terran Terran
  • Spawn Location: 1:00

tigro

  • Race: Terran Terran
  • Spawn Location: 7:00

Drizzzle

  • Race: Zerg Zerg
  • Spawn Location: 5:00

IA (Difícil)

  • Race: Terran Terran
  • Spawn Location: 5:00

IA (Difícil)

  • Race: Protoss Protoss
  • Spawn Location: 1:00

IA (Difícil)

  • Race: Terran Terran
  • Spawn Location: 11:00

VOD

Have the link to the VOD?

Description

Time

  • Played on: March 25, 2020, 9:44 p.m.
  • Length: 5:51
Show
View Real Time Build Order
Export as new Build Order

MrFercho Terran 

Build Orders:  

Get SALT Encoding   

  12  0:03  SCV  
  13  0:21  Supply Depot  
  13  0:35  Refinery  
  13  0:48  Engineering Bay  
  13  0:52  SCV  
  13  0:53  Barracks  
  14  1:04  SCV  
  15  1:18  SCV  
  16  1:30  SCV  
  17  1:34  Engineering Bay  
  17  1:50  Factory  
  17  2:09  Barracks Tech Lab  
  17  2:35  Orbital Command  
  17  2:39  Factory Tech Lab  
  17  2:46  Marauder  
  19  3:00  SCV  
  19  3:01  Refinery  
  20  3:07  Marauder  
  21  3:12  SCV  
  21  3:14  Supply Depot  
  21  3:25  SCV  
  22  3:28  Marine  
  21  3:36  Siege Tank  
  22  3:52  Marine  
  7  4:10  Marine  
Show
View Real Time Build Order
Export as new Build Order

tigro Terran 

Build Orders:  

Get SALT Encoding   

  12  0:03  SCV  
  13  0:21  Supply Depot  
  13  0:26  SCV  
  14  0:38  SCV  
  14  0:39  Refinery  
  15  0:47  Refinery  
  15  0:50  SCV  
  16  1:06  Barracks  
  16  1:07  SCV  
  17  1:19  SCV  
  17  1:23  Supply Depot  
  18  1:31  SCV  
  19  1:56  Barracks  
  19  2:01  Marine  
  20  2:19  Marine  
  21  2:25  SCV  
  22  2:36  Marine  
  22  2:37  SCV  
  24  2:38  Engineering Bay  
  24  2:49  SCV  
  25  2:52  Barracks Tech Lab  
  25  2:54  Marine  
  26  3:01  SCV  
  27  3:12  Marine  
  28  3:13  SCV  
  28  3:15  Factory  
  28  3:17  Marauder  
  31  4:01  Supply Depot  
  31  4:04  Factory Tech Lab  
  31  4:13  Factory  
  31  4:22  Marine  
  31  4:23  Marauder  
  34  4:28  Orbital Command  
  34  4:40  Marine  
  34  4:44  Marauder  
  37  5:09  Command Center  
  37  5:27  Barracks Tech Lab  
  37  5:30  Factory Tech Lab  
  40  5:50  Supply Depot  
Show
View Real Time Build Order
Export as new Build Order

Drizzzle Zerg 

Build Orders: Pool Only 

Get SALT Encoding   

  12  1:26  Drone  
  12  1:27  Overlord, Drone  
  12  1:31  Spawning Pool  
  13  1:34  Extractor  
  13  1:38  Drone  
  13  1:50  Drone  
  14  1:59  Drone  
  15  2:09  Overlord  
  15  2:20  Spine Crawler  
  14  2:22  Spine Crawler x2  
  14  2:23  Queen, Spine Crawler  
  14  2:24  Zergling x2  
  14  2:32  Drone  
  14  2:33  Spine Crawler  
  15  2:38  Spine Crawler  
  15  2:43  Spine Crawler  
  13  2:45  Zergling x2  
  15  2:51  Spine Crawler  
  15  2:53  Zergling x2  
  16  2:59  Spine Crawler  
  16  3:03  Zergling x2  
  16  3:05  Metabolic Boost  
  16  3:17  Queen  
  16  3:18  Drone  
  19  3:25  Drone  
  17  3:44  Drone x3  
  20  4:00  Queen  
  22  4:06  Drone x2  
  24  4:17  Drone  
  25  4:48  Zergling x2  
  25  4:49  Zergling x6  
  25  4:52  Overlord  
  29  4:54  Lair  
  27  5:35  Drone x4  
  27  5:39  Extractor  
Show
View Real Time Build Order
Export as new Build Order

IA (Difícil) Terran 

Build Orders:  

Get SALT Encoding   

  12  0:01  SCV  
  13  0:13  SCV  
  14  0:18  Supply Depot  
  14  0:25  SCV  
  15  0:40  SCV  
  16  0:43  Barracks  
  16  0:50  Refinery  
  16  0:52  SCV  
  17  1:04  SCV  
  18  1:16  SCV  
  19  1:20  Supply Depot  
  19  1:29  SCV  
  19  1:32  Marine  
  21  1:39  Barracks  
  21  1:42  Orbital Command  
  21  1:47  Refinery  
  21  1:50  Barracks Tech Lab  
  21  2:06  Supply Depot  
  21  2:08  Marine  
  22  2:25  Marine  
  22  2:26  Marine  
  24  2:39  Supply Depot  
  24  2:43  Marine  
  24  2:44  Marine  
  26  2:52  SCV  
  27  3:01  Marine  
  27  3:02  Marauder  
  27  3:04  Engineering Bay, SCV  
  31  3:16  SCV  
  31  3:19  Marine  
  33  3:23  Marine  
  34  3:28  SCV  
  34  3:32  Supply Depot  
  35  3:37  Marine  
  35  3:40  SCV  
  35  3:41  Marine  
  36  3:53  SCV  
  36  3:54  Marine  
  37  3:58  Marine  
  35  4:12  Marine  
  38  4:17  Marauder  
  38  4:30  Marine  
  37  4:38  Marine  
  30  4:48  Marine  
  31  4:55  Marine  
  31  4:58  SCV  
  27  5:02  Factory  
  27  5:06  Marine  
  25  5:11  SCV  
  25  5:14  Marauder  
  24  5:21  Factory  
  24  5:23  Marine, SCV  
  17  5:35  SCV  
  8  5:45  Factory Tech Lab  
Show
View Real Time Build Order
Export as new Build Order

IA (Difícil) Protoss 

Build Orders:  

Get SALT Encoding   

  12  0:01  Probe  
  13  0:13  Probe  
  14  0:21  Pylon  
  14  0:25  Probe  
  15  0:35  Probe  
  16  0:43  Probe  
  16  0:48  Assimilator  
  17  0:51  Gateway  
  17  0:53  Probe  
  18  1:01  Pylon, Probe  
  19  1:19  Probe  
  20  1:39  Zealot  
  22  1:41  Gateway  
  22  1:42  Cybernetics Core  
  22  1:45  Assimilator  
  22  2:01  Pylon  
  22  2:08  Stalker  
  24  2:25  Warp Gate  
  24  2:33  Zealot  
  26  2:45  Stalker  
  26  2:46  Pylon  
  28  3:01  Stalker  
  30  3:08  Stalker  
  30  3:12  Probe  
  33  3:24  Probe  
  33  3:26  Pylon  
  34  3:31  Stalker  
  36  3:36  Probe  
  37  3:44  Adept, Forge  
  39  3:48  Probe  
  40  4:00  Probe  
  40  4:01  Stalker  
  43  4:09  Probe  
  44  4:22  Adept  
Show
View Real Time Build Order
Export as new Build Order

IA (Difícil) Terran 

Build Orders: 2 Factory 

Get SALT Encoding   

  12  0:01  SCV  
  13  0:13  SCV  
  14  0:18  Supply Depot  
  14  0:25  SCV  
  15  0:40  SCV  
  16  0:43  Barracks  
  16  0:52  SCV  
  17  1:04  SCV  
  18  1:18  Command Center  
  18  1:30  Marine  
  18  1:32  Orbital Command  
  19  1:36  Supply Depot  
  19  1:45  Refinery  
  19  1:47  Marine  
  20  1:58  SCV  
  20  2:00  Barracks  
  21  2:08  Marine  
  22  2:09  Refinery  
  22  2:10  SCV  
  24  2:22  SCV  
  24  2:27  Supply Depot, Barracks Tech Lab  
  24  2:41  SCV  
  25  2:45  Marauder  
  25  2:47  Marine  
  28  2:53  SCV  
  28  2:55  SCV  
  30  3:05  Marine, SCV  
  31  3:07  SCV  
  33  3:13  Marine  
  33  3:14  Factory  
  34  3:21  Factory  
  34  3:24  Barracks Tech Lab  
  34  3:31  Marine  
  34  3:32  Refinery  
  35  3:42  Marine, Refinery  
  36  4:02  Starport  
  36  4:05  Starport, Factory Tech Lab x2, SCV  
  36  4:06  SCV  
  38  4:13  Marauder  
  40  4:26  Hellion, SCV  
  40  4:29  SCV  
  44  4:38  Reaper, SCV  
  45  4:39  Supply Depot, Starport Tech Lab  
  45  4:41  SCV, Starport Tech Lab  
  47  4:50  SCV  
  47  4:51  Siege Tank  
  51  4:53  SCV  
  52  5:02  SCV  
  52  5:05  SCV  
  54  5:07  Engineering Bay  
  54  5:14  SCV  
  54  5:17  SCV  
  56  5:23  Supply Depot  
  56  5:26  SCV  
  57  5:29  SCV  
  59  5:38  SCV  
  60  5:49  Supply Depot  
Tags
 
Add a new tag
Caveats
  • Supply blocks, unpowered buildings, or Contaminate may cause inaccurate times.
  • Supply counts are checked every 10 seconds.